 Dungeon Crawl Stone Soup version 0.29-a0-541-gaf1fc19f1b (webtiles) character file.

Game seed: 10397664504134968303

153 Anon1729 the Chopper (level 5, -1/46 HPs)
             Began as a Meteoran Monk on June 3, 2022.
             Was a Priest of the Shining One.
             Slain by an ogre
             ... wielding a +0 giant club
              (4 damage)
             ... on level 4 of the Dungeon.
             The game lasted 00:07:46 (1604 turns).

Anon1729 the Chopper (Meteoran Monk)                Turns: 1604, Time: 00:07:47

Health: -1/46      AC:  7    Str: 14    XL:     5   Next: 93%
Magic:  5/7        EV: 11    Int: 11    God:    the Shining One [***...]
Gold:   90         SH:  6    Dex: 17    Spells: 4/4 levels left

rFire   . . .      SeeInvis .   a - +0 hand axe
rCold   + . .      Faith    .   (no shield)
rNeg    + . .      Spirit   .   c - +0 scale mail {rC+}
rPois   .          Reflect  .   k - +0 helmet
rElec   .          Harm     .   (no cloak)
rCorr   .          Rampage  .   (no gloves)
Will    +....                   (no boots)
Stlth   +.........              (no amulet)
HPRegen 0.15/turn               o - ring of willpower
MPRegen 0.10/turn               (no ring)

@: divinely shielded, glowing
A: sense surroundings 1, otherworldly, glowing, explore regen
a: Renounce Religion, Divine Shield, Cleansing Flame


You were on level 4 of the Dungeon.
You worshipped the Shining One.
The Shining One was most pleased with you.
You visited 1 branch of the dungeon, and saw 4 of its levels.

You collected 90 gold pieces.

Inventory:

Hand Weapons
 a - a +0 hand axe (weapon)
Missiles
 l - 5 curare-tipped darts (quivered)
Armour
 b - a +0 robe
 c - a +0 scale mail of cold resistance (worn)
 i - a +0 ring mail
 j - a +1 animal skin
 k - a +0 helmet (worn)
 m - a +0 scale mail
Magical Staves
 h - a staff of death
Jewellery
 o - a ring of willpower (left hand)
 p - a ring of fire
Wands
 q - a wand of polymorph (5)
Scrolls
 d - a scroll of poison {unknown}
 e - 2 scrolls of identify {unknown}
 n - a scroll of teleportation {unknown}
 r - a scroll of fear {unknown}
Potions
 f - a potion of attraction {unknown}
 g - a potion of brilliance {unknown}
 s - a potion of invisibility {unknown}


   Skills:
 + Level 4.2 Fighting
 * Level 5.2 Axes
 + Level 2.1 Armour
 - Level 4.0 Dodging
 - Level 1.6 Stealth
 * Level 1.3 Invocations


You had 4 spell levels left.
You didn't know any spells.
Your spell library contained the following spells:

 Spells                   Type           Power      Damage    Failure   Level
 Apportation              Tloc           0%         N/A       83%         1
 Necrotize                Necr           0%         1d4       83%         1
 Summon Small Mammal      Summ           0%         N/A       83%         1


Dungeon Overview and Level Annotations

Branches:
Dungeon (4/15)
 Temple: D:4-7

Altars:
The Shining One


Innate Abilities, Weirdness & Mutations

You passively map a small area around you.
You are easily found by Zot.
You glow in the dark.
You regain HP and MP as you explore.


Message History

The kobold throws a stone.
The stone barely misses you.
A kobold is nearby!
An ogre comes into view. It is wielding a +0 giant club.
The kobold throws a stone.
The stone hits you but does no damage. The kobold barely misses you.
You closely miss the kobold. The kobold hits you but does no damage.
You hit the ogre.
The ogre is moderately wounded.
You hit the kobold. The ogre barely misses you.
The kobold hits you but does no damage.
You hit the ogre but do no damage.
The ogre is moderately wounded.
You barely miss the kobold. The kobold closely misses you.
The ogre hits you with a +0 giant club!
You hit the ogre.
The ogre is moderately wounded.
You hit the kobold but do no damage. The kobold closely misses you.
You hit the ogre but do no damage.
The ogre is moderately wounded.
You barely miss the kobold. The kobold hits you but does no damage.
The ogre hits you with a +0 giant club!!
You are too injured to fight recklessly!
You are too injured to fight recklessly!
There are monsters nearby!
There are monsters nearby!
A divine shield forms around you! The kobold hits you but does no damage.
The ogre misses you.
You hit the ogre.
The ogre is heavily wounded.
You barely miss the kobold. The kobold hits you but does no damage.
You hit the ogre. You punch the ogre.
The ogre is severely wounded.
You hit the kobold but do no damage. The ogre hits you with a +0 giant club!
* * * LOW HITPOINT WARNING * * *
You block the kobold's attack.
You hit the ogre.
The ogre is almost dead.
You hit the kobold but do no damage. You block the kobold's attack.
The ogre hits you with a +0 giant club.
You die...

#.......#.#.#
*#.......#.#.#
........#.#.#
,....#.#.# ,
,.....#.#
#..###.#######
* *...
#..#..........
....
#K..#.######.*
.....#O@.#...#
,
.........###.#
*
.....#...###.#
##.# #.......#
, ..,
#...##### *, #
#...# * , , *
##..# * * ,,
..>. .....


You could see an ogre and a kobold.

Vanquished Creatures
  Ijyb (D:3)
  An orc wizard (D:3)
  Robin (D:2)
  2 adders (D:3)
  3 dart slugs (D:3)
  A worm (D:2)
  4 orcs
  5 ball pythons
  5 bats
  3 endoplasms
  3 giant cockroaches
  5 hobgoblins
  2 quokkas (D:1)
  4 frilled lizards
  12 goblins
  6 kobolds
  5 rats
63 creatures vanquished.

Notes
Turn   | Place    | Note
-------+----------+-------------------------------------------
     0 | D:1      | Anon1729 the Meteoran Monk began the quest for the Orb.
     0 | D:1      | Reached XP level 1. HP: 19/19 MP: 2/2
   226 | D:1      | Reached XP level 2. HP: 26/26 MP: 3/3
   356 | D:1      | Reached XP level 3. HP: 25/31 MP: 4/4
   371 | D:1      | Reached skill level 4 in Axes
   459 | D:2      | Found a faded altar of an unknown god.
   470 | D:2      | Prayed at the altar of an unknown god.
   470 | D:2      | Became a worshipper of the Shining One
   470 | D:2      | Reached * piety under the Shining One
   470 | D:2      | Reached ** piety under the Shining One
   500 | D:2      | Noticed Robin
   500 | D:2      | Reached *** piety under the Shining One
   515 | D:2      | Killed Robin
   521 | D:2      | Reached XP level 4. HP: 30/40 MP: 2/5
   526 | D:2      | Reached skill level 1 in Armour
  1035 | D:3      | Noticed Ijyb
  1055 | D:3      | Killed Ijyb
  1056 | D:3      | Reached skill level 5 in Axes
  1056 | D:3      | Reached XP level 5. HP: 30/46 MP: 6/6
  1234 | D:3      | Reached skill level 1 in Invocations
  1594 | D:4      | Noticed an ogre
  1604 | D:4      | Slain by an ogre

Illustrated notes

Levels and vault maps discovered:
D:1:      dpeg_arrival_water_temple_mockup, layout_basic
D:2:      layout_loops_corners, ebering_ecumenical_altar_webs, uniq_robin,
          uniq_crazy_yiuf_cottage
D:3:      layout_loops_corners, uniq_ijyb
D:4:      layout_basic

Skill      XL: |  1  2  3  4  5 |
---------------+----------------+-----
Axes           | 4 5 |  5.2
Dodging        | 4 |  4.0
Armour         | 1 2 |  2.1
Fighting       | 4 |  4.2
Invocations    | 1 |  1.3
Stealth        | |  1.6

Action                   |  1- 3 |  4- 6 || total
-------------------------+-------+-------++-------
Melee: Hand axe          |    85 |   152 ||   237
       Punch             |     3 |     2 ||     5
Invok: Divine Shield     |     1 |     1 ||     2
  Use: Potion            |       |     1 ||     1
Armor: Robe              |    19 |       ||    19
       Ring mail         |     6 |     5 ||    11
       Scale mail        |       |    66 ||    66
Dodge: Dodged            |    61 |    76 ||   137
Block: Other             |     2 |     3 ||     5

Table legend: (Time is in decaauts)
 A = Elapsed time spent in this place.
 B = Non-inter-level travel time spent in this place.
 C = Inter-level travel time spent in this place.
 D = Time resting spent in this place.
 E = Time spent auto-exploring this place.
 F = Levels seen in this place.
 G = Mean time per level.
                   A        B        C        D        E       F      G
               +--------+--------+--------+--------+--------+-----+--------+
         Total |   1620 |   1508 |    112 |      0 |    494 |   4 |  405.0 |
       Dungeon |   1620 |   1508 |    112 |      0 |    494 |   4 |  405.0 |
               +--------+--------+--------+--------+--------+-----+--------+

Top non-repeatable levels by time:
     D:3: 777 daAuts
     D:1: 466 daAuts
     D:2: 209 daAuts
     D:4: 166 daAuts
